Blues vs Penguins (R1)

Created - 17 mai 2016 at 19:05

Goals
1 2 3 T
Blues 2 3 0 5
Penguins 0 1 2 3
Shots
1 2 3 T
Blues 11 12 4 27
Penguins 7 7 13 27

1st period

1. Blues , Joe Pavelski 6 (Nik Antropov) at 2:47
2. Blues , Kevin Porter 1 (Lee Stempniak, Taylor Pyatt) at 18:39

Penalties :
Dustin Penner (Pit) for Hooking (Minor) at 2:52, Taylor Pyatt (STL) for Slashing (Minor) at 12:24, Bobby Ryan (Pit) for Diving (Minor) at 19:23

2nd period

3. Blues , Alex Pietrangelo 6 (Darren Reid, Tuukka Rask) at 0:32 (PP)
4. Penguins , Nathan Horton 6 (Dion Phaneuf, Ryan Kesler) at 1:47 (PP)
5. Blues , Nicklas Backstrom 4 (Jake Gardiner, Darren Reid) at 3:44
6. Blues , Nik Antropov 3 (David Perron) at 11:30 (PP)

Penalties :
Cody Franson (STL) for Holding (Minor) at 1:37, Simon Gagné (Pit) for High sticking (Minor) at 11:25, Brian McGrattan (Pit) for Fighting (Major) at 13:23, Sergei Shirokov (STL) for Fighting (Major) at 13:23

3rd period

7. Penguins , Bobby Ryan 3 (Steven Stamkos, Dion Phaneuf) at 2:33
8. Penguins , Dustin Penner 1 (Steven Stamkos, Dion Phaneuf) at 7:40 (PP)

Penalties :
Bryce Lampman (STL) for Tripping (Minor) at 2:55, Lee Stempniak (STL) for Hooking (Minor) at 7:06, Guillaume Latendresse (STL) for Hooking (Minor) at 8:12, Brendan Smith (Pit) for High sticking (Minor) at 15:34

Goalie Stats

Tuukka Rask (STL), 24 saves from 27 shots - (0,889), W, 7-4-0, 60:00 minutes
Brian Elliott (Pit), 12 saves from 16 shots - (0,750), L, 5-2-1, 23:44 minutes
Josh Tordjman (Pit), 10 saves from 11 shots - (0,909), 36:16 minutes

Players Stats for Blues

Player Name              G  A  P  +/- PIM S  H  SB GA TA FO     MP     PP MP  PK MP  
------------------------------------------------------------------------------------
Alex Pietrangelo         1  0  1   1  0   2  1  2  1  2  0/0    28:16   3:18   3:51 
Bryce Lampman            0  0  0   1  2   1  1  2  0  1  0/0    21:36   0:00   2:34 
Cody Franson             0  0  0  -1  2   0  0  1  0  1  0/0    14:00   1:54   0:35 
Darren Reid              0  2  2   0  0   0  2  0  0  2  1/2    15:17   2:17   0:00 
David Perron             0  1  1   1  0   1  1  0  1  1  0/0    20:00   2:55   0:48 
Drew Fata                0  0  0   2  0   0  0  2  0  2  0/0    17:05   0:00   2:50 
Guillaume Latendresse    0  0  0   0  2   2  1  0  0  0  0/0    14:39   0:00   1:30 
Jake Gardiner            0  1  1   2  0   0  1  0  0  1  0/0    19:27   3:18   0:42 
Joe Pavelski             1  0  1   1  0   4  1  0  1  1  0/2    18:21   2:55   0:00 
Kevin Porter             1  0  1   1  0   4  0  0  0  1  1/7     8:25   0:00   0:00 
Lasse Kukkonen           0  0  0  -1  0   1  2  0  0  0  0/0    19:40   1:54   2:50 
Lee Stempniak            0  1  1   1  2   1  0  0  0  0  0/0     8:24   0:00   0:00 
Nicklas Backstrom        1  0  1   0  0   3  1  1  2  0  5/12   16:47   2:17   1:09 
Nik Antropov             1  1  2   1  0   3  2  1  0  0  21/37  22:05   2:55   3:48 
Paul Kariya              0  0  0   0  0   2  1  0  0  1  0/0    13:12   2:17   0:00 
Sergei Shirokov          0  0  0   0  5   0  3  1  0  0  0/0    12:24   0:00   2:12 
Taylor Pyatt             0  1  1   1  2   2  1  0  1  0  0/0    11:11   0:00   2:40 
Tyler Arnason            0  0  0   0  0   1  0  1  0  0  1/3    12:24   0:00   1:15 

Players Stats for Penguins

Player Name              G  A  P  +/- PIM S  H  SB GA TA FO     MP     PP MP  PK MP  
------------------------------------------------------------------------------------
Bobby Ryan               1  0  1   1  2   3  2  0  0  1  2/2    17:33   3:09   0:57 
Brendan Smith            0  0  0  -1  2   0  1  0  0  0  0/0    12:09   0:00   0:00 
Brian McGrattan          0  0  0  -1  5   0  2  0  0  0  0/0     6:33   0:00   0:00 
Brooks Orpik             0  0  0   0  0   1  2  2  0  0  0/0    20:01   2:33   2:02 
David Jones              0  0  0  -1  0   0  1  0  0  0  0/0    11:55   0:00   0:00 
Denis Arkhipov           0  0  0  -1  0   1  1  0  0  0  3/3     7:41   0:01   0:52 
Dion Phaneuf             0  3  3  -1  0   3  2  1  3  1  0/0    27:54   4:08   3:10 
Duncan Keith             0  0  0   0  0   0  1  2  1  2  0/0    20:01   2:33   2:02 
Dustin Penner            1  0  1   1  2   2  3  0  1  0  1/1    17:14   3:09   0:45 
Ladislav Nagy            0  0  0  -1  0   1  1  0  0  0  0/1     7:28   0:00   0:19 
Nathan Horton            1  0  1  -1  0   4  0  0  2  1  0/1    20:31   3:32   1:31 
Oleg Kvasha              0  0  0  -1  0   2  0  0  1  1  1/6    12:20   0:00   0:00 
Paul Ranger              0  0  0  -1  0   1  0  0  0  0  0/0    12:05   0:00   0:00 
Ryan Kesler              0  1  1  -1  0   1  0  2  0  0  18/34  22:48   3:31   3:02 
Sean Zimmerman           0  0  0  -1  0   3  0  3  2  0  0/0    27:54   4:08   3:10 
Simon Gagné              0  0  0  -1  2   2  2  1  0  0  2/4    22:04   3:32   2:58 
Steve Sullivan           0  0  0  -1  0   2  1  0  1  0  0/1    11:55   0:00   0:00 
Steven Stamkos           0  2  2   1  0   1  0  1  2  0  7/10   16:37   3:09   0:00 

3 Stars

1 - Nik Antropov (STL)
2 - Dion Phaneuf (Pit)
3 - Alex Pietrangelo (STL)

Power Play

Blues - 2 on 4 Attempt(s) - 50,00%
Penguins - 2 on 5 Attempt(s) - 40,00%

Penalty Kill

Blues - 3 on 5 Attempt(s) - 60,00% - Score 0 goal in Penalty Kill
Penguins - 2 on 4 Attempt(s) - 50,00% - Score 0 goal in Penalty Kill

Team Stat

Blues - Hits : 18 - Faceoff Wins : 29 - Blocked Shots : 11 - Penalty Minutes : 15
Penguins - Hits : 19 - Faceoff Wins : 34 - Blocked Shots : 12 - Penalty Minutes : 13

Official

Referees : O'Halloran Dan and Martell Rob
Linesman : Brad Kovachik and Ryan Galloway

Game Notes

Josh Tordjman enters game at 3:44 of 2nd period
Sergei Shirokov beats up Brian McGrattan at 13:23 of 2nd period

Finance

Level 1 -- Attendance: 6000 (100,00%) -- Ticket Income 462 000 $
Level 2 -- Attendance: 5000 (100,00%) -- Ticket Income 225 000 $
Level 3 -- Attendance: 2000 (100,00%) -- Ticket Income 56 000 $
Level 4 -- Attendance: 4000 (100,00%) -- Ticket Income 80 000 $
Luxury Box -- Attendance: 1000 (100,00%) -- Ticket Income 160 000 $
Game was played at the Igloo.
Total Attendance: 18000 (100,00%)
Total Ticket Income: 983 000 $
Other Income: 147 450 $
Total Income: 1 130 450 $

Blues

5 vs 5 Forward 
   Center                   Left Wing                Right Wing               Time % Phy DF OF 
 1 Nik Antropov             David Perron             Joe Pavelski             40     1   2  2  
 2 Nicklas Backstrom        Guillaume Latendresse    Darren Reid              30     1   2  2  
 3 Tyler Arnason            Paul Kariya              Sergei Shirokov          20     1   2  2  
 4 Kevin Porter             Taylor Pyatt             Lee Stempniak            10     1   2  2  

5 vs 5 Defense 
   Defense                  Defense                                           Time % Phy DF OF 
 1 Bryce Lampman            Alex Pietrangelo                                  40     1   2  2  
 2 Drew Fata                Jake Gardiner                                     30     1   2  2  
 3 Lasse Kukkonen           Cody Franson                                      20     1   2  2  
 4 Alex Pietrangelo         Lasse Kukkonen                                    10     1   2  2  

PowerPlay Forward 
   Center                   Left Wing                Right Wing               Time % Phy DF OF 
 1 Nik Antropov             David Perron             Joe Pavelski             60     1   2  2  
 2 Nicklas Backstrom        Paul Kariya              Darren Reid              40     1   2  2  

PowerPlay Defense
   Defense                  Defense                                           Time % Phy DF OF 
 1 Jake Gardiner            Alex Pietrangelo                                  60     1   2  2  
 2 Lasse Kukkonen           Cody Franson                                      40     1   2  2  

Penalty Kill 4 Players Forward 
   Center                   Wing                     Time % Phy DF OF 
 1 Nik Antropov             Taylor Pyatt             60     1   2  2  
 2 Tyler Arnason            Sergei Shirokov          40     1   2  2  

Penalty Kill 4 Players Defense
   Defense                  Defense                  Time % Phy DF OF 
 1 Bryce Lampman            Alex Pietrangelo         60     1   2  2  
 2 Lasse Kukkonen           Drew Fata                40     1   2  2  

Penalty Kill - 3 Players Forward 
   Forward                                           Time % Phy DF OF 
 1 Taylor Pyatt                                      60     1   2  2  
 2 Nik Antropov                                      40     1   2  2  

Penalty Kill - 3 Players Defense
   Defense                  Defense                  Time % Phy DF OF 
 1 Bryce Lampman            Alex Pietrangelo         60     1   2  2  
 2 Lasse Kukkonen           Drew Fata                40     1   2  2  

4 vs 4 Forward 
   Center                   Wing                     Time % Phy DF OF 
 1 Nik Antropov             David Perron             60     1   2  2  
 2 Nicklas Backstrom        Joe Pavelski             40     1   2  2  

4 vs 4 Defense
   Defense                  Defense                  Time % Phy DF OF 
 1 Bryce Lampman            Alex Pietrangelo         60     1   2  2  
 2 Lasse Kukkonen           Jake Gardiner            40     1   2  2  

Last Minutes Offensive
   Center                   Left Wing                Right Wing               Defense                  Defense                  
   Nik Antropov             David Perron             Joe Pavelski             Jake Gardiner            Alex Pietrangelo         

Last Minutes Defensive
   Center                   Left Wing                Right Wing               Defense                  Defense                  
   Nik Antropov             Guillaume Latendresse    Joe Pavelski             Bryce Lampman            Drew Fata                

Goaltenders
Starting : Tuukka Rask              
Backup : Adam Munro               

Extra Forwards
Normal : Nicklas Backstrom, David Perron, Sergei Shirokov - PP : Nicklas Backstrom, David Perron - PK : Sergei Shirokov
Extra Defensemen
Normal : Lasse Kukkonen, Drew Fata, Jake Gardiner - PP : Cody Franson - PK : Jake Gardiner, Cody Franson
Penalty Shots
Cody Franson, Nik Antropov, Paul Kariya, Joe Pavelski, Nicklas Backstrom

Penguins

5 vs 5 Forward 
   Center                   Left Wing                Right Wing               Time % Phy DF OF 
 1 Ryan Kesler              Simon Gagné              Nathan Horton            40     0   2  3  
 2 Steven Stamkos           Dustin Penner            Bobby Ryan               30     0   2  3  
 3 Oleg Kvasha              Steve Sullivan           David Jones              20     0   2  3  
 4 Denis Arkhipov           Ladislav Nagy            Brian McGrattan          10     0   2  3  

5 vs 5 Defense 
   Defense                  Defense                                           Time % Phy DF OF 
 1 Sean Zimmerman           Dion Phaneuf                                      40     1   2  2  
 2 Brooks Orpik             Duncan Keith                                      30     1   2  2  
 3 Paul Ranger              Brendan Smith                                     20     1   2  2  
 4 Sean Zimmerman           Dion Phaneuf                                      10     1   2  2  

PowerPlay Forward 
   Center                   Left Wing                Right Wing               Time % Phy DF OF 
 1 Ryan Kesler              Simon Gagné              Nathan Horton            60     0   1  4  
 2 Steven Stamkos           Dustin Penner            Bobby Ryan               40     0   1  4  

PowerPlay Defense
   Defense                  Defense                                           Time % Phy DF OF 
 1 Sean Zimmerman           Dion Phaneuf                                      60     0   2  3  
 2 Brooks Orpik             Duncan Keith                                      40     0   2  3  

Penalty Kill 4 Players Forward 
   Center                   Wing                     Time % Phy DF OF 
 1 Ryan Kesler              Simon Gagné              60     0   4  1  
 2 Nathan Horton            Bobby Ryan               40     0   4  1  

Penalty Kill 4 Players Defense
   Defense                  Defense                  Time % Phy DF OF 
 1 Sean Zimmerman           Dion Phaneuf             60     1   4  0  
 2 Brooks Orpik             Duncan Keith             40     1   4  0  

Penalty Kill - 3 Players Forward 
   Forward                                           Time % Phy DF OF 
 1 Ryan Kesler                                       60     0   4  1  
 2 Simon Gagné                                       40     0   4  1  

Penalty Kill - 3 Players Defense
   Defense                  Defense                  Time % Phy DF OF 
 1 Sean Zimmerman           Dion Phaneuf             60     1   4  0  
 2 Brooks Orpik             Duncan Keith             40     1   4  0  

4 vs 4 Forward 
   Center                   Wing                     Time % Phy DF OF 
 1 Ryan Kesler              Simon Gagné              60     0   2  3  
 2 Nathan Horton            Bobby Ryan               40     0   2  3  

4 vs 4 Defense
   Defense                  Defense                  Time % Phy DF OF 
 1 Sean Zimmerman           Dion Phaneuf             60     1   2  2  
 2 Brooks Orpik             Duncan Keith             40     1   2  2  

Last Minutes Offensive
   Center                   Left Wing                Right Wing               Defense                  Defense                  
   Ryan Kesler              Simon Gagné              Nathan Horton            Sean Zimmerman           Dion Phaneuf             

Last Minutes Defensive
   Center                   Left Wing                Right Wing               Defense                  Defense                  
   Ryan Kesler              Simon Gagné              Nathan Horton            Sean Zimmerman           Dion Phaneuf             

Goaltenders
Starting : Brian Elliott            
Backup : Josh Tordjman            

Extra Forwards
Normal : Steven Stamkos, Ryan Kesler, Oleg Kvasha - PP : Steven Stamkos, Ryan Kesler - PK : Nathan Horton
Extra Defensemen
Normal : Dion Phaneuf, Duncan Keith, Brendan Smith - PP : Brendan Smith - PK : Dion Phaneuf, Duncan Keith
Penalty Shots
Ryan Kesler, Simon Gagné, Nathan Horton, Bobby Ryan, Dustin Penner

% Time on Ice - Blues

Lines # - Real PCT - Wanted PCT - Time Play
Normal Forward
1 - 32% - 40% - 15:27
2 - 27% - 30% - 13:12
3 - 23% - 20% - 11:03
4 - 17% - 10% - 8:25
Normal Defense
1 - 40% - 40% - 19:27
2 - 30% - 30% - 14:36
3 - 23% - 20% - 11:11
4 - 6% - 10% - 2:53
PP Forward
1 - 56% - 60% - 2:55
2 - 44% - 40% - 2:17
PP Defense
1 - 63% - 60% - 3:18
2 - 37% - 40% - 1:54
PK Forward
1 - 81% - 60% - 5:26
2 - 19% - 40% - 1:15
PK Defense
1 - 58% - 60% - 3:51
2 - 42% - 40% - 2:50
PK3 Forward
1 - 0% - 60%
2 - 0% - 40%
PK3 Defense
1 - 0% - 60%
2 - 0% - 40%
44 Forward
1 - 0% - 60%
2 - 0% - 40%
44 Defense
1 - 0% - 60%
2 - 0% - 40%
Last Minute Offensive  - 0:00
Last Minute Defensive  - 0:00
Total
Forward - 60:00
Defense - 60:00

% Time on Ice - Penguins

Lines # - Real PCT - Wanted PCT - Time Play
Normal Forward
1 - 32% - 40% - 15:35
2 - 29% - 30% - 14:01
3 - 25% - 20% - 11:55
4 - 14% - 10% - 6:36
Normal Defense
1 - 39% - 40% - 18:48
2 - 32% - 30% - 15:26
3 - 25% - 20% - 12:05
4 - 4% - 10% - 1:48
PP Forward
1 - 53% - 60% - 3:32
2 - 47% - 40% - 3:09
PP Defense
1 - 62% - 60% - 4:08
2 - 38% - 40% - 2:33
PK Forward
1 - 78% - 60% - 4:04
2 - 22% - 40% - 1:08
PK Defense
1 - 61% - 60% - 3:10
2 - 39% - 40% - 2:02
PK3 Forward
1 - 0% - 60%
2 - 0% - 40%
PK3 Defense
1 - 0% - 60%
2 - 0% - 40%
44 Forward
1 - 0% - 60%
2 - 0% - 40%
44 Defense
1 - 0% - 60%
2 - 0% - 40%
Last Minute Offensive  - 0:00
Last Minute Defensive  - 0:00
Total
Forward - 60:00
Defense - 60:00

Play by Play

1st period


0:01 of 1st period - Ryan Kesler wins face-off versus Nik Antropov in neutral zone.
0:26 of 1st period - Alex Pietrangelo is hit by Dion Phaneuf and loses puck.
2:00 of 1st period - Wrist shot by Nathan Horton.
2:00 of 1st period - Stopped by Tuukka Rask with a rebound.
2:32 of 1st period - Icing by Paul Ranger.
2:33 of 1st period - Steven Stamkos wins face-off versus Nik Antropov in Penguins zone.
2:33 of 1st period - Steven Stamkos is hit by Bryce Lampman.
2:43 of 1st period - Snap shot by Joe Pavelski.
2:43 of 1st period - Stopped by Brian Elliott without a rebound.
2:44 of 1st period - Nik Antropov wins face-off versus Oleg Kvasha in Penguins zone.
2:47 of 1st period - Wrist shot by Joe Pavelski.
2:47 of 1st period - Goal by Joe Pavelski - Blues : 1 - Penguins : 0.
2:48 of 1st period - Nik Antropov wins face-off versus Steven Stamkos in neutral zone.
2:52 of 1st period - Minor Penalty to Dustin Penner for Hooking.
2:53 of 1st period - Nik Antropov wins face-off versus Ryan Kesler in Penguins zone.
3:30 of 1st period - Slapshot by Dion Phaneuf.
3:30 of 1st period - Shot Misses the Net.
3:32 of 1st period - Snap shot by Bobby Ryan.
3:32 of 1st period - Shot Blocked by Nicklas Backstrom.
4:52 of 1st period - Penalty to Dustin Penner is over, Dustin Penner is back on ice.
5:09 of 1st period - Backhand shot by Taylor Pyatt.
5:09 of 1st period - Shot Misses the Net.
5:29 of 1st period - Slapshot by Guillaume Latendresse.
5:29 of 1st period - Stopped by Brian Elliott without a rebound.
5:30 of 1st period - Steven Stamkos wins face-off versus Kevin Porter in Penguins zone.
5:34 of 1st period - Off-side.
5:35 of 1st period - Steven Stamkos wins face-off versus Kevin Porter in neutral zone.
5:44 of 1st period - Snap shot by Lee Stempniak.
5:44 of 1st period - Shot Misses the Net.
5:46 of 1st period - Slapshot by Bryce Lampman.
5:46 of 1st period - Stopped by Brian Elliott without a rebound.
5:47 of 1st period - Nik Antropov wins face-off versus Ryan Kesler in Penguins zone.
5:48 of 1st period - Slapshot by Alex Pietrangelo.
5:48 of 1st period - Stopped by Brian Elliott without a rebound.
5:49 of 1st period - Nik Antropov wins face-off versus Nathan Horton in Penguins zone.
5:52 of 1st period - Snap shot by Joe Pavelski.
5:52 of 1st period - Shot Blocked by Ryan Kesler.
7:20 of 1st period - Wrist shot by Steve Sullivan.
7:20 of 1st period - Deflect By Oleg Kvasha.
7:20 of 1st period - Shot Misses the Net.
7:20 of 1st period - Puck is out of play.
7:21 of 1st period - Nik Antropov wins face-off versus Oleg Kvasha in Blues zone.
7:51 of 1st period - Brooks Orpik is hit by Joe Pavelski and loses puck.
7:58 of 1st period - Snap shot by Alex Pietrangelo.
7:58 of 1st period - Shot Misses the Net.
8:02 of 1st period - Backhand shot by Nik Antropov.
8:02 of 1st period - Stopped by Brian Elliott without a rebound.
8:03 of 1st period - Ryan Kesler wins face-off versus Nicklas Backstrom in Penguins zone.
8:03 of 1st period - Ryan Kesler is hit by Darren Reid.
8:40 of 1st period - Snap shot by Bobby Ryan.
8:40 of 1st period - Stopped by Tuukka Rask without a rebound.
8:41 of 1st period - Nik Antropov wins face-off versus Ryan Kesler in Blues zone.
9:06 of 1st period - Dion Phaneuf is hit by Lasse Kukkonen and loses puck.
9:15 of 1st period - Slapshot by Nicklas Backstrom.
9:15 of 1st period - Stopped by Brian Elliott without a rebound.
9:16 of 1st period - Ryan Kesler wins face-off versus Nik Antropov in Penguins zone.
9:21 of 1st period - Nik Antropov is hit by Brooks Orpik.
9:43 of 1st period - Jake Gardiner is hit by Ladislav Nagy and loses puck.
10:34 of 1st period - Snap shot by Lee Stempniak.
10:34 of 1st period - Stopped by Brian Elliott without a rebound.
10:35 of 1st period - Ryan Kesler wins face-off versus Kevin Porter in Penguins zone.
10:46 of 1st period - Snap shot by Nathan Horton.
10:46 of 1st period - Stopped by Tuukka Rask with a rebound.
11:27 of 1st period - Wrist shot by Darren Reid.
11:27 of 1st period - Shot Blocked by Dion Phaneuf.
11:29 of 1st period - Slapshot by Cody Franson.
11:29 of 1st period - Shot Misses the Net.
12:07 of 1st period - Snap shot by Steve Sullivan.
12:07 of 1st period - Stopped by Tuukka Rask without a rebound.
12:08 of 1st period - Oleg Kvasha wins face-off versus Kevin Porter in Blues zone.
12:24 of 1st period - Minor Penalty to Taylor Pyatt for Slashing.
12:25 of 1st period - Nik Antropov wins face-off versus Ryan Kesler in Blues zone.
14:24 of 1st period - Penalty to Taylor Pyatt is over, Taylor Pyatt is back on ice.
14:39 of 1st period - Bryce Lampman is hit by Brooks Orpik and loses puck.
15:30 of 1st period - Lasse Kukkonen is hit by Brian McGrattan and loses puck.
15:36 of 1st period - Icing by Nik Antropov.
15:37 of 1st period - Denis Arkhipov wins face-off versus Joe Pavelski in Blues zone.
15:58 of 1st period - Simon Gagné is hit by Sergei Shirokov and loses puck.
16:05 of 1st period - Wrist shot by Tyler Arnason.
16:05 of 1st period - Shot Blocked by Duncan Keith.
16:21 of 1st period - Wrist shot by Steve Sullivan.
16:21 of 1st period - Stopped by Tuukka Rask with a rebound.
16:23 of 1st period - Slapshot by Sean Zimmerman.
16:23 of 1st period - Deflect By Lasse Kukkonen.
16:23 of 1st period - Stopped by Tuukka Rask with a rebound.
16:25 of 1st period - Slapshot by Dion Phaneuf.
16:25 of 1st period - Shot Blocked by Sergei Shirokov.
16:27 of 1st period - Slapshot by Sean Zimmerman.
16:27 of 1st period - Stopped by Tuukka Rask without a rebound.
16:28 of 1st period - Bobby Ryan wins face-off versus Nicklas Backstrom in Blues zone.
17:47 of 1st period - Wrist shot by Darren Reid.
17:47 of 1st period - Deflect By David Jones.
17:47 of 1st period - Shot Misses the Net.
17:47 of 1st period - Puck is out of play.
17:48 of 1st period - Nik Antropov wins face-off versus Ryan Kesler in Penguins zone.
17:53 of 1st period - Slapshot by Joe Pavelski.
17:53 of 1st period - Shot Misses the Net.
17:55 of 1st period - Wrist shot by David Perron.
17:55 of 1st period - Shot Misses the Net.
18:18 of 1st period - Steven Stamkos is hit by Sergei Shirokov and loses puck.
18:33 of 1st period - Snap shot by Taylor Pyatt.
18:33 of 1st period - Shot Misses the Net.
18:35 of 1st period - Snap shot by Taylor Pyatt.
18:35 of 1st period - Stopped by Brian Elliott with a rebound.
18:37 of 1st period - Snap shot by Lee Stempniak.
18:37 of 1st period - Shot Misses the Net.
18:39 of 1st period - Slapshot by Kevin Porter.
18:39 of 1st period - Goal by Kevin Porter - Blues : 2 - Penguins : 0.
18:40 of 1st period - Ryan Kesler wins face-off versus Joe Pavelski in neutral zone.
19:06 of 1st period - Steven Stamkos is hit by Sergei Shirokov and loses puck.
19:23 of 1st period - Minor Penalty to Bobby Ryan for Diving.
19:24 of 1st period - Nik Antropov wins face-off versus Ryan Kesler in Penguins zone.
19:25 of 1st period - Snap shot by David Perron.
19:25 of 1st period - Stopped by Brian Elliott without a rebound.
19:26 of 1st period - Ryan Kesler wins face-off versus Nik Antropov in Penguins zone.
Goals for this period are 2 for Blues vs 0 for Penguins.
Shots for this period are 11 for Blues vs 7 for Penguins.

2nd period


0:01 of 2nd period - Simon Gagné wins face-off versus Nik Antropov in neutral zone.
0:16 of 2nd period - Snap shot by Nik Antropov.
0:16 of 2nd period - Stopped by Brian Elliott with a rebound.
0:32 of 2nd period - Slapshot by Alex Pietrangelo.
0:32 of 2nd period - Deflect By Nathan Horton.
0:32 of 2nd period - Goal by Alex Pietrangelo - Blues : 3 - Penguins : 0.
0:33 of 2nd period - Ryan Kesler wins face-off versus Nik Antropov in neutral zone.
0:58 of 2nd period - Darren Reid is hit by Bobby Ryan and loses puck.
1:37 of 2nd period - Minor Penalty to Cody Franson for Holding.
1:38 of 2nd period - Nik Antropov wins face-off versus Ryan Kesler in Blues zone.
1:43 of 2nd period - Snap shot by Ryan Kesler.
1:43 of 2nd period - Shot Misses the Net.
1:47 of 2nd period - Wrist shot by Nathan Horton.
1:47 of 2nd period - Goal by Nathan Horton - Blues : 3 - Penguins : 1.
1:48 of 2nd period - Nik Antropov wins face-off versus Ryan Kesler in neutral zone.
1:53 of 2nd period - Snap shot by Joe Pavelski.
1:53 of 2nd period - Shot Misses the Net.
1:55 of 2nd period - Wrist shot by Joe Pavelski.
1:55 of 2nd period - Shot Blocked by Sean Zimmerman.
1:57 of 2nd period - Wrist shot by Joe Pavelski.
1:57 of 2nd period - Stopped by Brian Elliott without a rebound.
1:58 of 2nd period - Ryan Kesler wins face-off versus Nik Antropov in Penguins zone.
2:38 of 2nd period - Wrist shot by David Perron.
2:38 of 2nd period - Shot Blocked by Simon Gagné.
2:40 of 2nd period - Backhand shot by David Perron.
2:40 of 2nd period - Shot Blocked by Sean Zimmerman.
3:00 of 2nd period - Slapshot by Simon Gagné.
3:00 of 2nd period - Shot Blocked by Alex Pietrangelo.
3:14 of 2nd period - Ryan Kesler is hit by Nik Antropov and loses puck.
3:28 of 2nd period - Icing by Sean Zimmerman.
3:29 of 2nd period - Nicklas Backstrom wins face-off versus Simon Gagné in Penguins zone.
3:36 of 2nd period - Snap shot by Guillaume Latendresse.
3:36 of 2nd period - Stopped by Brian Elliott with a rebound.
3:38 of 2nd period - Snap shot by Nicklas Backstrom.
3:38 of 2nd period - Shot Blocked by Ryan Kesler.
3:40 of 2nd period - Slapshot by Darren Reid.
3:40 of 2nd period - Shot Misses the Net.
3:44 of 2nd period - Slapshot by Nicklas Backstrom.
3:44 of 2nd period - Goal by Nicklas Backstrom - Blues : 4 - Penguins : 1.
3:44 of 2nd period - Josh Tordjman enters game.
3:45 of 2nd period - Nicklas Backstrom wins face-off versus Steven Stamkos in neutral zone.
3:48 of 2nd period - Snap shot by Nicklas Backstrom.
3:48 of 2nd period - Deflect By Darren Reid.
3:48 of 2nd period - Shot Blocked by Brooks Orpik.
3:48 of 2nd period - Puck is out of play.
3:49 of 2nd period - Dustin Penner wins face-off versus Nicklas Backstrom in Penguins zone.
3:49 of 2nd period - Dustin Penner is hit by Nicklas Backstrom.
4:35 of 2nd period - Paul Kariya is hit by Denis Arkhipov and loses puck.
4:56 of 2nd period - Paul Kariya is hit by Brendan Smith and loses puck.
5:07 of 2nd period - Paul Ranger is hit by Alex Pietrangelo and loses puck.
6:20 of 2nd period - Slapshot by Steven Stamkos.
6:20 of 2nd period - Shot Blocked by Alex Pietrangelo.
6:22 of 2nd period - Slapshot by Brendan Smith.
6:22 of 2nd period - Deflect By Bobby Ryan.
6:22 of 2nd period - Shot Misses the Net.
6:22 of 2nd period - Puck is out of play.
6:23 of 2nd period - Ryan Kesler wins face-off versus Nik Antropov in Blues zone.
6:31 of 2nd period - Off-side.
6:32 of 2nd period - Ryan Kesler wins face-off versus Nik Antropov in neutral zone.
7:19 of 2nd period - Icing by Jake Gardiner.
7:20 of 2nd period - Nik Antropov wins face-off versus Oleg Kvasha in Blues zone.
7:20 of 2nd period - Nik Antropov is hit by David Jones.
7:56 of 2nd period - Wrist shot by Joe Pavelski.
7:56 of 2nd period - Stopped by Josh Tordjman without a rebound.
7:57 of 2nd period - Nicklas Backstrom wins face-off versus Ladislav Nagy in Penguins zone.
8:24 of 2nd period - Alex Pietrangelo is hit by Simon Gagné and loses puck.
8:29 of 2nd period - Wrist shot by Nathan Horton.
8:29 of 2nd period - Shot Misses the Net.
8:32 of 2nd period - Icing by Bryce Lampman.
8:33 of 2nd period - Ryan Kesler wins face-off versus Kevin Porter in Blues zone.
10:15 of 2nd period - Slapshot by Paul Ranger.
10:15 of 2nd period - Stopped by Tuukka Rask without a rebound.
10:16 of 2nd period - Nicklas Backstrom wins face-off versus Ryan Kesler in Blues zone.
10:20 of 2nd period - Off-side.
10:21 of 2nd period - Ryan Kesler wins face-off versus Nik Antropov in neutral zone.
10:58 of 2nd period - Icing by Alex Pietrangelo.
10:59 of 2nd period - Steven Stamkos wins face-off versus Nicklas Backstrom in Blues zone.
11:25 of 2nd period - Minor Penalty to Simon Gagné for High sticking.
11:26 of 2nd period - Nik Antropov wins face-off versus Ryan Kesler in Penguins zone.
11:28 of 2nd period - Snap shot by Nik Antropov.
11:28 of 2nd period - Shot Blocked by Sean Zimmerman.
11:30 of 2nd period - Wrist shot by Nik Antropov.
11:30 of 2nd period - Goal by Nik Antropov - Blues : 5 - Penguins : 1.
11:31 of 2nd period - Nik Antropov wins face-off versus Ryan Kesler in neutral zone.
11:56 of 2nd period - Sean Zimmerman is hit by Paul Kariya and loses puck.
12:09 of 2nd period - Wrist shot by Sean Zimmerman.
12:09 of 2nd period - Stopped by Tuukka Rask with a rebound.
12:11 of 2nd period - Slapshot by Simon Gagné.
12:11 of 2nd period - Shot Hit the Post.
12:13 of 2nd period - Wrist shot by Ryan Kesler.
12:13 of 2nd period - Shot Misses the Net.
12:15 of 2nd period - Snap shot by Dion Phaneuf.
12:15 of 2nd period - Stopped by Tuukka Rask with a rebound.
12:17 of 2nd period - Slapshot by Dion Phaneuf.
12:17 of 2nd period - Shot Misses the Net.
12:19 of 2nd period - Wrist shot by Simon Gagné.
12:19 of 2nd period - Stopped by Tuukka Rask without a rebound.
12:20 of 2nd period - Steven Stamkos wins face-off versus Nik Antropov in Blues zone.
12:29 of 2nd period - Snap shot by Dustin Penner.
12:29 of 2nd period - Shot Blocked by Bryce Lampman.
12:31 of 2nd period - Slapshot by Brooks Orpik.
12:31 of 2nd period - Stopped by Tuukka Rask with a rebound.
12:33 of 2nd period - Slapshot by Brooks Orpik.
12:33 of 2nd period - Shot Misses the Net.
13:12 of 2nd period - Slapshot by Taylor Pyatt.
13:12 of 2nd period - Stopped by Josh Tordjman with a rebound.
13:23 of 2nd period - Sergei Shirokov beats up Brian McGrattan.
13:23 of 2nd period - Penalty to Brian McGrattan for Fighting.
13:23 of 2nd period - Penalty to Sergei Shirokov for Fighting.
13:24 of 2nd period - Ryan Kesler wins face-off versus Nik Antropov in neutral zone.
13:54 of 2nd period - Off-side.
13:55 of 2nd period - Darren Reid wins face-off versus Oleg Kvasha in neutral zone.
14:24 of 2nd period - Drew Fata is hit by Duncan Keith.
14:54 of 2nd period - Snap shot by Bobby Ryan.
14:54 of 2nd period - Deflect By Steven Stamkos.
14:54 of 2nd period - Shot Blocked by Drew Fata.
14:54 of 2nd period - Puck is out of play.
14:55 of 2nd period - Nicklas Backstrom wins face-off versus Simon Gagné in Blues zone.
15:20 of 2nd period - Dion Phaneuf is hit by David Perron and loses puck.
15:25 of 2nd period - Wrist shot by Paul Kariya.
15:25 of 2nd period - Stopped by Josh Tordjman with a rebound.
15:37 of 2nd period - Wrist shot by Bobby Ryan.
15:37 of 2nd period - Stopped by Tuukka Rask without a rebound.
15:38 of 2nd period - Kevin Porter wins face-off versus Oleg Kvasha in Blues zone.
17:45 of 2nd period - Slapshot by Paul Kariya.
17:45 of 2nd period - Stopped by Josh Tordjman with a rebound.
18:29 of 2nd period - Nik Antropov is hit by Bobby Ryan and loses puck.
19:02 of 2nd period - Wrist shot by Lee Stempniak.
19:02 of 2nd period - Deflect By Kevin Porter.
19:02 of 2nd period - Stopped by Josh Tordjman with a rebound.
19:04 of 2nd period - Wrist shot by Kevin Porter.
19:04 of 2nd period - Stopped by Josh Tordjman without a rebound.
19:05 of 2nd period - Nik Antropov wins face-off versus Steven Stamkos in Penguins zone.
19:06 of 2nd period - Snap shot by Joe Pavelski.
19:06 of 2nd period - Shot Blocked by Duncan Keith.
19:57 of 2nd period - Nathan Horton is hit by Darren Reid and loses puck.
Goals for this period are 3 for Blues vs 1 for Penguins.
Shots for this period are 12 for Blues vs 7 for Penguins.

3rd period


0:01 of 3rd period - Nik Antropov wins face-off versus Ryan Kesler in neutral zone.
0:04 of 3rd period - Slapshot by Alex Pietrangelo.
0:04 of 3rd period - Shot Misses the Net.
0:16 of 3rd period - Slapshot by David Perron.
0:16 of 3rd period - Shot Misses the Net.
0:26 of 3rd period - Dion Phaneuf is hit by Guillaume Latendresse and loses puck.
0:51 of 3rd period - Brooks Orpik is hit by Jake Gardiner and loses puck.
1:02 of 3rd period - Wrist shot by Oleg Kvasha.
1:02 of 3rd period - Stopped by Tuukka Rask without a rebound.
1:03 of 3rd period - Nik Antropov wins face-off versus Ryan Kesler in Blues zone.
1:07 of 3rd period - Off-side.
1:08 of 3rd period - Ryan Kesler wins face-off versus Nik Antropov in neutral zone.
1:37 of 3rd period - Snap shot by Nathan Horton.
1:37 of 3rd period - Shot Blocked by Nik Antropov.
1:39 of 3rd period - Wrist shot by Nathan Horton.
1:39 of 3rd period - Stopped by Tuukka Rask with a rebound.
1:41 of 3rd period - Wrist shot by Nathan Horton.
1:41 of 3rd period - Shot Blocked by Bryce Lampman.
1:43 of 3rd period - Slapshot by Nathan Horton.
1:43 of 3rd period - Deflect By Simon Gagné.
1:43 of 3rd period - Stopped by Tuukka Rask without a rebound.
1:44 of 3rd period - Steven Stamkos wins face-off versus Darren Reid in Blues zone.
1:49 of 3rd period - Snap shot by Steven Stamkos.
1:49 of 3rd period - Stopped by Tuukka Rask with a rebound.
1:51 of 3rd period - Snap shot by Dustin Penner.
1:51 of 3rd period - Deflect By Nicklas Backstrom.
1:51 of 3rd period - Stopped by Tuukka Rask with a rebound.
1:53 of 3rd period - Slapshot by Dion Phaneuf.
1:53 of 3rd period - Stopped by Tuukka Rask without a rebound.
1:54 of 3rd period - Bobby Ryan wins face-off versus Nicklas Backstrom in Blues zone.
2:31 of 3rd period - Snap shot by Steven Stamkos.
2:31 of 3rd period - Shot Blocked by Cody Franson.
2:33 of 3rd period - Wrist shot by Bobby Ryan.
2:33 of 3rd period - Goal by Bobby Ryan - Blues : 5 - Penguins : 2.
2:34 of 3rd period - Simon Gagné wins face-off versus Nik Antropov in neutral zone.
2:43 of 3rd period - Snap shot by Ryan Kesler.
2:43 of 3rd period - Stopped by Tuukka Rask with a rebound.
2:45 of 3rd period - Snap shot by Dion Phaneuf.
2:45 of 3rd period - Shot Misses the Net.
2:55 of 3rd period - Minor Penalty to Bryce Lampman for Tripping.
2:56 of 3rd period - Ryan Kesler wins face-off versus Nik Antropov in Blues zone.
4:47 of 3rd period - Bobby Ryan is hit by Nik Antropov and loses puck.
4:55 of 3rd period - Penalty to Bryce Lampman is over, Bryce Lampman is back on ice.
5:27 of 3rd period - Slapshot by Tyler Arnason.
5:27 of 3rd period - Stopped by Josh Tordjman without a rebound.
5:28 of 3rd period - Denis Arkhipov wins face-off versus Tyler Arnason in Penguins zone.
5:41 of 3rd period - Snap shot by Dion Phaneuf.
5:41 of 3rd period - Stopped by Tuukka Rask with a rebound.
5:43 of 3rd period - Wrist shot by Denis Arkhipov.
5:43 of 3rd period - Stopped by Tuukka Rask with a rebound.
5:58 of 3rd period - Nik Antropov is hit by Dion Phaneuf and loses puck.
6:13 of 3rd period - Nicklas Backstrom is hit by Dustin Penner and loses puck.
6:39 of 3rd period - Wrist shot by Alex Pietrangelo.
6:39 of 3rd period - Shot Misses the Net.
6:53 of 3rd period - Ladislav Nagy is hit by Lasse Kukkonen and loses puck.
7:06 of 3rd period - Minor Penalty to Lee Stempniak for Hooking.
7:07 of 3rd period - Nik Antropov wins face-off versus Ryan Kesler in Blues zone.
7:38 of 3rd period - Snap shot by Steven Stamkos.
7:38 of 3rd period - Shot Misses the Net.
7:40 of 3rd period - Snap shot by Dustin Penner.
7:40 of 3rd period - Goal by Dustin Penner - Blues : 5 - Penguins : 3.
7:41 of 3rd period - Nik Antropov wins face-off versus Ryan Kesler in neutral zone.
8:12 of 3rd period - Minor Penalty to Guillaume Latendresse for Hooking.
8:13 of 3rd period - Ryan Kesler wins face-off versus Nik Antropov in Blues zone.
8:40 of 3rd period - Bryce Lampman is hit by Dustin Penner and loses puck.
9:08 of 3rd period - Wrist shot by Sergei Shirokov.
9:08 of 3rd period - Shot Misses the Net.
9:10 of 3rd period - Slapshot by Bryce Lampman.
9:10 of 3rd period - Deflect By Sergei Shirokov.
9:10 of 3rd period - Shot Misses the Net.
9:10 of 3rd period - Puck is out of play.
9:11 of 3rd period - Steven Stamkos wins face-off versus Tyler Arnason in Penguins zone.
10:12 of 3rd period - Penalty to Guillaume Latendresse is over, Guillaume Latendresse is back on ice.
10:19 of 3rd period - Guillaume Latendresse is hit by Steve Sullivan.
10:48 of 3rd period - Snap shot by Ladislav Nagy.
10:48 of 3rd period - Deflect By Brian McGrattan.
10:48 of 3rd period - Shot Misses the Net.
10:48 of 3rd period - Puck is out of play.
10:49 of 3rd period - Ryan Kesler wins face-off versus Nicklas Backstrom in Blues zone.
11:26 of 3rd period - Snap shot by David Perron.
11:26 of 3rd period - Shot Blocked by Brooks Orpik.
11:36 of 3rd period - Snap shot by Steve Sullivan.
11:36 of 3rd period - Shot Blocked by Tyler Arnason.
12:00 of 3rd period - Snap shot by Oleg Kvasha.
12:00 of 3rd period - Stopped by Tuukka Rask without a rebound.
12:01 of 3rd period - Denis Arkhipov wins face-off versus Kevin Porter in Blues zone.
12:14 of 3rd period - Wrist shot by Brian McGrattan.
12:14 of 3rd period - Shot Misses the Net.
12:16 of 3rd period - Slapshot by Denis Arkhipov.
12:16 of 3rd period - Shot Blocked by Drew Fata.
14:11 of 3rd period - Alex Pietrangelo is hit by Simon Gagné and loses puck.
15:08 of 3rd period - Wrist shot by Ladislav Nagy.
15:08 of 3rd period - Shot Misses the Net.
15:14 of 3rd period - Wrist shot by Ladislav Nagy.
15:14 of 3rd period - Stopped by Tuukka Rask with a rebound.
15:16 of 3rd period - Wrist shot by Denis Arkhipov.
15:16 of 3rd period - Shot Misses the Net.
15:31 of 3rd period - Slapshot by Nicklas Backstrom.
15:31 of 3rd period - Stopped by Josh Tordjman without a rebound.
15:32 of 3rd period - Ryan Kesler wins face-off versus Nicklas Backstrom in Penguins zone.
15:34 of 3rd period - Minor Penalty to Brendan Smith for High sticking.
15:35 of 3rd period - Nik Antropov wins face-off versus Ryan Kesler in Penguins zone.
17:34 of 3rd period - Penalty to Brendan Smith is over, Brendan Smith is back on ice.
18:25 of 3rd period - Steven Stamkos is hit by Taylor Pyatt and loses puck.
18:32 of 3rd period - Lee Stempniak is hit by Dustin Penner and loses puck.
18:51 of 3rd period - Snap shot by Taylor Pyatt.
18:51 of 3rd period - Deflect By Kevin Porter.
18:51 of 3rd period - Stopped by Josh Tordjman with a rebound.
18:53 of 3rd period - Slapshot by Cody Franson.
18:53 of 3rd period - Shot Blocked by Steven Stamkos.
18:55 of 3rd period - Slapshot by Lasse Kukkonen.
18:55 of 3rd period - Stopped by Josh Tordjman without a rebound.
18:56 of 3rd period - Tyler Arnason wins face-off versus Steve Sullivan in Penguins zone.
19:44 of 3rd period - Jake Gardiner is hit by Brian McGrattan and loses puck.
Goals for this period are 0 for Blues vs 2 for Penguins.
Shots for this period are 4 for Blues vs 13 for Penguins.